 Dungeon Crawl Stone Soup version 0.23-a0-329-g6f3f904 (webtiles) character file.

306 galech the Chopper (level 6, -4/49 HPs)
             Began as a Demonspawn Fighter on Oct 16, 2018.
             Slain by an ogre
             ... wielding a +0 giant spiked club
              (21 damage)
             ... on level 4 of the Dungeon.
             The game lasted 00:03:29 (2839 turns).

galech the Chopper (Demonspawn Fighter)             Turns: 2839, Time: 00:03:30

Health: -4/49      AC: 12    Str: 13 (16) XL:     6   Next: 16%
Magic:  15/15      EV:  3    Int:  9 (10) God:
Gold:   233        SH:  4    Dex: 11 (14) Spells: 5/5 levels left

rFire    . . .     SeeInvis +   a - +0 war axe
rCold    . . .     Gourm    .   i - +0 buckler (curse)
rNeg     . . .     Faith    .   g - +0 plate armour
rPois    .         Spirit   .   (helmet restricted)
rElec    .         Reflect  .   (no cloak)
rCorr    .         Harm     .   (no gloves)
MR       .....                  (no boots)
Stlth    ..........             (no amulet)
HPRegen  0.16/turn              e - ring of see invisible
MPRegen  0.14/turn              s - ring of magical power

@: no status effects
A: horns 1, rugged brown scales 1, demonic guardian 1, powered by pain 1
a: no special abilities


You were on level 4 of the Dungeon.
You were not hungry.

You visited 1 branch of the dungeon, and saw 4 of its levels.

You collected 233 gold pieces.

Inventory:

Hand Weapons
 a - a +0 war axe (weapon)
Armour
 b - a +0 scale mail
 c - a +0 shield
 g - a +0 plate armour (worn)
 i - a cursed +0 buckler (worn)
Jewellery
 e - a ring of see invisible (left hand)
 s - a ring of magical power (right hand)
Wands
 p - a wand of digging (8)
Scrolls
 k - a scroll of enchant weapon {unknown}
 n - 4 scrolls of remove curse {unknown}
 r - a scroll of amnesia {unknown}
 t - a scroll of teleportation {unknown}
 u - 4 scrolls of identify {unknown}
 x - a scroll of immolation {unknown}
 y - 3 scrolls of magic mapping {unknown}
 A - a scroll of blinking {unknown}
Potions
 d - 3 potions of might
 h - 2 potions of heal wounds {unknown}
 j - 2 potions of magic {unknown}
 l - a potion of berserk rage {unknown}
 o - 2 potions of ambrosia {unknown}
 q - 2 potions of flight {unknown}
 v - 2 potions of degeneration
 w - 3 potions of agility {unknown}
 z - a potion of curing {unknown}
Comestibles
 f - 5 rations


   Skills:
 + Level 4.0 Fighting
 + Level 4.5 Axes
 + Level 3.5 Armour
 + Level 3.2 Shields


You had 5 spell levels left.
You didn't know any spells.
Your spell library contained the following spells:

 Spells                   Type           Power        Failure   Level  Hunger
 Apportation              Tloc           #.....       100%        1    ##.....


Dungeon Overview and Level Annotations

Branches:
Dungeon (4/15)
 Temple: D:4-7

Altars:
Ashenzari
Elyvilon
Kikubaaqudgha
Sif Muna
Uskayaw
Vehumet
The Shining One


Innate Abilities, Weirdness & Mutations

You have a pair of small horns on your head.
You are partially covered in rugged brown scales. (AC +1, +3% HP)
A weak demonic guardian rushes to your aid.
You sometimes gain a little power by taking damage.


Message History

The ogre hits you with a +0 giant spiked club!
A hound comes into view.
You are too injured to fight recklessly!
You are too injured to fight recklessly!
You are too injured to fight recklessly!
You are too injured to fight recklessly!
You are too injured to fight recklessly!
You are too injured to fight recklessly!
You are too injured to fight recklessly!
You are too injured to fight recklessly!
You are too injured to fight recklessly!
You are too injured to fight recklessly!
You are too injured to fight recklessly!
You are too injured to fight recklessly!
You are too injured to fight recklessly!
You closely miss the ogre. Your headbutt misses the ogre.
The ogre is severely wounded.
Your shadow imp barely misses the ogre.
The ogre hits you with a +0 giant spiked club!!
You die...

#.........#
#......#.#.#
#.........#
##.###......
#.........#
##'###.#.###
#.........####......#.#
#..............>....#.#
..........####......#.#
..........# #......#.#
.#.#..5...# #......#.#
........@.# #.....<..#
.#$#....5O# #####.....
..........h. ..#.#.#
..........### .....#
###########


You could see an ogre, a hound, a friendly white imp and a friendly shadow imp.

Vanquished Creatures
  A bullfrog zombie (D:4)
  2 hounds
  A worker ant (D:4)
  4 gnolls (D:3)
  3 adders
  2 worms (D:2)
  A dart slug (D:3)
  A leopard gecko (D:2)
  An orc (D:4)
  3 bats
  A giant cockroach (D:4)
  5 hobgoblins
  2 kobolds (D:3)
  2 quokkas (D:3)
  4 frilled lizards
  8 goblins
  8 rats
49 creatures vanquished.

Vanquished Creatures (collateral kills)
  An ogre (D:4)
  An orc wizard (D:4)
  An adder skeleton (D:4)
  An orc (D:4)
4 creatures vanquished.

Grand Total: 53 creatures vanquished

Notes
Turn   | Place    | Note
-------+----------+-------------------------------------------
     0 | D:1      | galech the Demonspawn Fighter began the quest for the Orb.
     0 | D:1      | Reached XP level 1. HP: 18/18 MP: 1/1
   820 | D:2      | Gained mutation: You have a pair of small horns on your
                  | head. [demonic ancestry]
   820 | D:2      | Reached XP level 2. HP: 24/24 MP: 2/2
  1033 | D:2      | Found a shattered altar of Ashenzari.
  1039 | D:2      | Reached XP level 3. HP: 29/29 MP: 3/3
  1775 | D:3      | Gained mutation: A weak demonic guardian rushes to your
                  | aid. [demonic ancestry]
  1775 | D:3      | Reached XP level 4. HP: 24/36 MP: 4/4
  2038 | D:3      | Gained mutation: You are partially covered in rugged brown
                  | scales. (AC +1, +3% HP) [demonic ancestry]
  2038 | D:3      | Reached XP level 5. HP: 36/42 MP: 5/5
  2095 | D:3      | Found a white marble altar of Elyvilon.
  2232 | D:3      | Found an ancient bone altar of Kikubaaqudgha.
  2232 | D:3      | Found a deep blue altar of Sif Muna.
  2234 | D:3      | Found a radiant altar of Vehumet.
  2238 | D:3      | Identified Sif Muna's Tome of Translocation
  2389 | D:4      | Found a glowing golden altar of the Shining One.
  2396 | D:4      | Found a hide-covered altar of Uskayaw.
  2486 | D:4      | Noticed an ogre
  2492 | D:4      | Killed an ogre
  2497 | D:4      | Gained mutation: You sometimes gain a little power by
                  | taking damage. [demonic ancestry]
  2497 | D:4      | Reached XP level 6. HP: 13/49 MP: 6/6
  2839 | D:4      | Slain by an ogre

Vault maps used:
D:1:      nzn_arrival_settlement
D:2:      lemuel_crystal_altar, kennysheep_potato
D:3:      grunt_temple_overflow_magic_moments, elyvilon_altar_1
D:4:      minitemple, gammafunk_ghost_cemetery, serial_glass, glass_columns_b,
          glass_columns_a, glass_columns_b, glass_columns_a, glass_columns_c,
          glass_columns_a, glass_columns_a, glass_columns_b, glass_columns_c,
          glass_columns_c

Skill      XL: |  1  2  3  4  5 |
---------------+----------------+-----
Axes           | 2 3 4 |  4.5
Shields        | 3 |  3.2
Armour         | 3 |  3.5
Fighting       | 4 |  4.0

Action                   |  1- 3 |  4- 6 || total
-------------------------+-------+-------++-------
Melee: War axe           |   107 |    63 ||   170
       Headbutt          |    11 |    10 ||    21
  Use: Potion            |       |     1 ||     1
  Eat: Chunk             |     3 |     3 ||     6
Armor: Plate armour      |    79 |    38 ||   117
       Scale mail        |     3 |       ||     3
Dodge: Dodged            |    39 |    11 ||    50
Block: Shield            |     8 |       ||     8
       Buckler           |    22 |    12 ||    34

Table legend:
 A = Non-vault XP
 B = Vault XP
 C = Vault XP percentage of total XP
 D = Non-vault monster count
 E = Vault monster count
 F = Vault count percentage of total count
                 A         B        C        D         E       F
            +---------+---------+-------+---------+---------+-------
      Total |     433 |       5 |   1.1 |      52 |       1 |   1.9
            +---------+---------+-------+---------+---------+-------
        D:1 |       6 |       0 |   0.0 |       4 |       0 |   0.0
        D:2 |      38 |       5 |  11.6 |      16 |       1 |   5.9
        D:3 |     150 |       0 |   0.0 |      23 |       0 |   0.0
        D:4 |     239 |       0 |   0.0 |       9 |       0 |   0.0
            +---------+---------+-------+---------+---------+-------
